 Dungeon Crawl Stone Soup version 0.19-a0-1875-g4fea3da (webtiles) character file.

72 GameOver the Caller (level 4, -7/36 HPs)
             Began as a Naga Summoner on Oct 13, 2016.
             Mangled by a gnoll
             ... wielding a +0 halberd
              (16 damage)
             ... on level 3 of the Dungeon.
             The game lasted 00:09:15 (1508 turns).

GameOver the Caller (Naga Summoner)                 Turns: 1508, Time: 00:09:15

Health: -7/36      AC:  3    Str: 12    XL:     4   Next: 26%
Magic:  5/7        EV: 10    Int: 16    God:
Gold:   62         SH:  0    Dex: 10    Spells: 1 memorised, 4 levels left

rFire  . . .     SeeInvis +     m - +0 spear
rCold  . . .     Gourm    .     a - +0 robe
rNeg   . . .     Faith    .     (no shield)
rPois  +         Spirit   .     (no helmet)
rElec  .         Dismiss  .     (no cloak)
rCorr  .         Reflect  .     d - +0 pair of gloves
MR     .....     Harm     .     (no barding)
Stlth  +++.......               (no amulet)
                                s - ring of stealth
                                i - +2 ring of strength

@: hasted, quick
A: see invisible, clumsy 1, deformed body, poison resistance, slowness 2, slow
metabolism 1, spit poison 1, AC +1
a: Spit Poison


You were on level 3 of the Dungeon.
You were not hungry.

You visited 1 branch of the dungeon, and saw 3 of its levels.

You collected 62 gold pieces.

Inventory:

Hand Weapons
 m - a +0 spear (weapon)
Missiles
 e - 20 bolts
 j - 19 arrows
 q - 19 sling bullets
 x - 32 stones (quivered)
Armour
 a - a +0 robe (worn)
 d - a +0 pair of gloves (worn)
Jewellery
 i - a +2 ring of strength (left hand)
 s - a ring of stealth (right hand)
Scrolls
 g - a scroll of enchant armour
 w - a scroll of identify
Potions
 f - a potion of mutation
 n - a potion of agility {unknown}
 u - a potion of might {unknown}
 A - a potion of cure mutation {unknown}
Books
 b - a book of Callings

   Spells                             Type                      Level
   a - Summon Small Mammal            Summoning                    1
   b - Call Imp                       Summoning                    2
   c - Call Canine Familiar           Summoning                    3
   d - Summon Guardian Golem          Hexes/Summoning              3
   e - Summon Lightning Spire         Summoning/Air                4
   f - Summon Ice Beast               Ice/Summoning                4
Comestibles
 c - 3 bread rations
 h - 2 meat rations
 t - a slice of pizza
 z - a chunk of flesh


   Skills:
 - Level 1.5 Dodging
 - Level 3.0 Stealth
 - Level 2.0 Spellcasting
 + Level 5.6 Summonings


You had 4 spell levels left.
You knew the following spells:

 Your Spells              Type           Power        Failure   Level  Hunger
w - Call Canine Familiar  Summ           ###.....     8%          3    ###....


Dungeon Overview and Level Annotations

Branches:
Dungeon (3/15)

Altars:
Hepliaklqana
Qazlal
Zin

Annotations:
D:3 TotoDurand's ghost, amateur DrIE


Innate Abilities, Weirdness & Mutations

You cannot wear boots.
Your serpentine skin is tough. (AC +1)
You have supernaturally acute eyesight. (SInv)
Armour fits poorly on your strangely shaped body.
Your system is resistant to poisons. (rPois)
You cover ground very slowly.
You have a slow metabolism.
You can spit poison.
You are clumsy. (Dex -2)


Message History

Your hound's corpse disappears in a puff of smoke!
As you read the scroll labeled VITOPT SIBYGU, it crumbles to dust.
You experience a momentary feeling of inescapable doom!
It was a scroll of random uselessness.
The gnoll hits you with a club.
As you read the scroll labeled BEULEN UXZOCH, it crumbles to dust.
You feel aware of your surroundings.
You sensed 2 altars.
It was a scroll of magic mapping.
The gnoll barely misses you.
As you read the scroll labeled TAK KOUSHIM, it crumbles to dust.
You feel blessed for a moment.
It was a scroll of remove curse.
The gnoll barely misses you.
It was a potion of mutation.
You feel extremely strange.
You feel frail.
You feel clumsy.
You feel robust.
The gnoll hits you from afar with a halberd!
* * * LOW HITPOINT WARNING * * *
The gnoll hits you but does no damage.
The teleport trap disappears.
The gnoll shaman disappears!
It was a potion of haste.
You feel yourself speed up. The gnoll barely misses you.
The gnoll hits you from afar with a halberd!
You die...

#...# ###.###.########.. *...#
##...# #........##_
******####..###....###.#.......##
,,,,,,,.....##.........#.#######
*******#.................#
######.##.##§g.§§...####
**#....%.g.g.§§g§.§..##
,........####.gg#g#### ,...######
####@## *#*** ###


You could see 4 gnolls.

Vanquished Creatures
  An adder (D:3)
  A dart slug (D:1)
  A leopard gecko (D:1)
  A ball python (D:2)
  A giant cockroach (D:2)
  5 hobgoblins
  4 bats
  6 frilled lizards
  3 goblins
  2 kobolds
  5 rats
30 creatures vanquished.

Vanquished Creatures (collateral kills)
  4 adders (D:2)
  An ooze (D:2)
  A leopard gecko (D:1)
  A ball python (D:3)
  A kobold (D:1)
  A frilled lizard (D:1)
  A rat (D:3)
10 creatures vanquished.

Grand Total: 40 creatures vanquished

Notes
Turn   | Place    | Note
-------+----------+-------------------------------------------
     0 | D:1      | GameOver the Naga Summoner began the quest for the Orb.
     0 | D:1      | Reached XP level 1. HP: 15/15 MP: 3/3
   156 | D:1      | Reached XP level 2. HP: 22/22 MP: 5/5
   568 | D:2      | Reached XP level 3. HP: 22/28 MP: 1/6
   573 | D:2      | Learned a level 3 spell: Call Canine Familiar
   595 | D:2      | Reached skill level 5 in Summonings
   646 | D:2      | Found a hazy altar of Hepliaklqana.
   978 | D:2      | Reached XP level 4. HP: 36/36 MP: 3/7
  1310 | D:3      | Noticed TotoDurand's ghost (amateur DrIE)
  1416 | D:3      | Found a glowing silver altar of Zin.
  1439 | D:3      | Found a stormy altar of Qazlal.
  1507 | D:3      | Gained mutation: You are frail. (-10% HP) [potion of mutation]
  1507 | D:3      | Gained mutation: You are clumsy. (Dex -2) [potion of mutation]
  1507 | D:3      | Lost mutation: You are frail. (-10% HP) [potion of mutation]
  1508 | D:3      | Mangled by a gnoll

Vault maps used:
D:1:      lightli_arrival_flooded_house
D:2:      lemuel_coloured_pillars_altar, kennysheep_generic_room_14
D:3:      gammafunk_temple_overflow_pools, marbit_many_paths,
          grunt_qazlal_sundering, first_bread

Skill      XL: |  1  2  3 |
---------------+----------+-----
Summonings     | 5 |  5.6
Dodging        | |  1.5
Stealth        | |  3.0
Spellcasting   | |  2.0

Action                   |  1- 3 |  4- 6 || total
-------------------------+-------+-------++-------
Melee: Spear             |    21 |    19 ||    40
       Whip              |     3 |       ||     3
 Cast: Summon Small Mamm |     9 |       ||     9
       Call Canine Famil |     4 |     2 ||     6
 Abil: Spit Poison       |    28 |     5 ||    33
  Use: Scroll            |       |     6 ||     6
       Potion            |       |     2 ||     2
 Stab: Sleeping          |     1 |     1 ||     2
  Eat: Chunk             |     2 |     2 ||     4
Armor: Robe              |     7 |     8 ||    15
Dodge: Dodged            |    12 |    13 ||    25
